cohdb
Replays
Latest Replays
All Replays
Popular Replays
Top Player Replays
Match Explorer
How It Works
Community
CoH3 Stats
Reddit
Sign in to upload your games and track your stats! →
Sign in with Steam
Match 40875682
Unlisted
Match 40875682
Overview
Messages
Build Orders
End
Panzergrenadier Squad
Selects Panzerjäger Kommand Battlegroup
Panzergrenadier Squad
250 Light Carrier
Construct Light Support Kompanie
Panzerjäger Squad
Selects Tank Busters
MG34 Team
Fire Support Elements
Selects Mine Fields
Panzerjäger Mechanized Group
Construct Panzerarmee Kommand
Armored Reserves
Panzergrenadier Squad
MG34 Team
Selects Crew Shock Tactics
Panzergrenadier Squad
2.5-tonne Medical Truck
Tiger Heavy Tank
Emergency Repair Kits
Selects Anti-tank Overwatch
Selects Defensive Positions
Selects Butterfly Bomb Drop
Forward Retreat Point
Vehicle Survival Package
Rapid Advance
Nuclear Viking
Dolfine
Putiin
Metabolic
Crossea
GGOLTE FAN
catchitin
CppMonster
0
0
Comments
sign in to comment!
No comments posted yet!